 Dungeon Crawl Stone Soup version 0.21.1-1-g345015f (webtiles) character file.

100 Fang the Skirmisher (level 4, -4/29 HPs)
             Began as a Gargoyle Berserker on June 24, 2018.
             Was a Believer of Trog.
             Slain by a gnoll
             ... wielding a +2 halberd of protection
              (7 damage)
             ... on level 3 of the Dungeon.
             The game lasted 00:01:44 (2212 turns).

Fang the Skirmisher (Gargoyle Berserker)            Turns: 2212, Time: 00:01:44

Health: -4/29      AC:  5    Str: 21    XL:     4   Next: 73%
Magic:  4/4        EV: 12    Int:  8    God:    Trog [**....]
Gold:   80         SH:  3    Dex:  9    Spells: 3/3 levels left

rFire    + . .     SeeInvis .   a - +0 hand axe
rCold    x . .     Gourm    .   (no shield)
rNeg     + . .     Faith    .   b - +0 animal skin
rPois    ∞         Spirit   .   (no helmet)
rElec    +         Reflect  +   (no cloak)
rCorr    .         Harm     .   (no gloves)
MR       .....                  (no boots)
Stlth    +.........             i - +3 amulet of reflection
HPRegen  0.09/turn              k - ring of fire
MPRegen  0.09/turn              (no ring)

@: berserk cooldown, slowed, very slow
A: negative energy resistance 1, electricity resistance, unbreathing,
petrification resistance, rot immunity, AC +3
a: Berserk, Trog's Hand, Burn Spellbooks, Renounce Religion


You were on level 3 of the Dungeon.
You worshipped Trog.
Trog was pleased with you.
You were very hungry.

You visited 1 branch of the dungeon, and saw 3 of its levels.

You collected 80 gold pieces.

Inventory:

Hand Weapons
 a - a +0 hand axe (weapon)
Armour
 b - a +0 animal skin (worn)
Jewellery
 i - a +3 amulet of reflection (around neck)
 k - a ring of fire (left hand)
 p - an uncursed ring of protection from cold {unknown}
Scrolls
 e - a scroll of noise {unknown}
 g - 3 scrolls of teleportation {unknown}
 h - a scroll of fog {unknown}
 j - 2 scrolls of fear {unknown}
 l - a scroll of random uselessness {unknown}
 m - a scroll of identify {unknown}
 o - 2 scrolls of enchant weapon {unknown}
 q - a scroll of amnesia {unknown}
Potions
 d - a potion of magic {unknown}
 f - a potion of flight {unknown}
 n - a potion of might {unknown}
Comestibles
 c - 4 rations
 r - a chunk of flesh


   Skills:
 + Level 3.9 Fighting
 + Level 3.9 Axes
 + Level 2.3 Armour
 + Level 2.2 Dodging
 + Level 1.0 Stealth


You had 3 spell levels left.
You didn't know any spells.

Dungeon Overview and Level Annotations

Branches:
Dungeon (3/15)

Altars:
Nemelex Xobeh


Innate Abilities, Weirdness & Mutations

You are resistant to torment.
Your stone body is resilient. (AC +3)
You are immune to poison.
You resist negative energy. (rN+)
You are resistant to electric shocks. (rElec)
You can survive without breathing.
You are immune to petrification.
You are immune to rotting.


Message History

The gnoll closely misses you.
You closely miss the gnoll.
The gnoll is severely wounded.
The gnoll hits you with a halberd of protection!
You are too injured to fight recklessly!
You hit the gnoll but do no damage.
The gnoll is severely wounded.
The gnoll hits you with a halberd of protection.
* * * LOW HITPOINT WARNING * * *
The gnoll hits you with a halberd of protection.
* * * LOW HITPOINT WARNING * * *
You closely miss the gnoll.
The gnoll is severely wounded.
The gnoll completely misses you.
You are too injured to fight recklessly!
You hit the gnoll but do no damage.
The gnoll is severely wounded.
The gnoll barely misses you.
The gnoll hits you with a halberd of protection!
You die...

#.....#
#.##### #.#
#.# #.# #.#
#.#
#.##########
#..)@g......
############


You could see a gnoll.

Vanquished Creatures
  2 gnolls (D:3)
  3 adders (D:2)
  A dart slug (D:3)
  2 leopard geckos
  3 giant cockroaches
  8 hobgoblins (D:2)
  3 jackals (D:2)
  A ball python (D:2)
  7 bats
  8 frilled lizards
  5 goblins
  6 kobolds
  5 rats
54 creatures vanquished.

Notes
Turn   | Place    | Note
-------+----------+-------------------------------------------
     0 | D:1      | Fang the Gargoyle Berserker began the quest for the Orb.
     0 | D:1      | Reached XP level 1. HP: 14/14 MP: 1/1
   123 | D:1      | Found a sparkling altar of Nemelex Xobeh.
   134 | D:1      | Reached XP level 2. HP: 16/19 MP: 2/2
   846 | D:2      | Reached XP level 3. HP: 14/24 MP: 3/3
  1023 | D:2      | Reached ** piety under Trog
  1355 | D:2      | Reached XP level 4. HP: 29/29 MP: 4/4
  2195 | D:3      | Reached skill level 1 in Stealth
  2212 | D:3      | Slain by a gnoll

Skill      XL: |  1  2  3  4 |
---------------+-------------+-----
Axes           | 3 |  3.9
Dodging        | 2 |  2.2
Stealth        | 1 |  1.0
Fighting       | |  3.9
Armour         | |  2.3

Action                   |  1- 3 |  4- 6 || total
-------------------------+-------+-------++-------
Melee: Hand axe          |   114 |    51 ||   165
Invok: Berserk           |     1 |     1 ||     2
 Stab: Sleeping          |     1 |       ||     1
  Eat: Chunk             |     2 |     3 ||     5
Armor: Animal skin       |    48 |    12 ||    60
Dodge: Dodged            |    88 |    34 ||   122
Block: Other             |     3 |     4 ||     7
